 Dungeon Crawl Stone Soup version 0.21.0-3-g78d12a8 (webtiles) character file.

74 Ignatius881 the Magician (level 4, -5/24 HPs)
             Began as a Deep Elf Fire Elementalist on Jan 9, 2018.
             Killed from afar by an orc wizard (6 damage)
             ... with a puff of frost
             ... on level 2 of the Dungeon.
             The game lasted 00:07:33 (2187 turns).

Ignatius881 the Magician (DEFE)                     Turns: 2187, Time: 00:07:33

Health: -5/24      AC:  2    Str:  5    XL:     4   Next: 10%
Magic:  0/11       EV: 13    Int: 21    God:
Gold:   140        SH:  0    Dex: 15    Spells: 0/10 levels left

rFire    . . .     SeeInvis .   f - +0 dagger
rCold    . . .     Gourm    .   (no shield)
rNeg     . . .     Faith    .   a - +0 robe
rPois    .         Spirit   .   (no helmet)
rElec    .         Reflect  .   (no cloak)
rCorr    .         Harm     .   (no gloves)
MR       .....                  (no boots)
Stlth    ++........             (no amulet)
HPRegen  0.08/turn              (no ring)
MPRegen  0.12/turn              (no ring)

@: no status effects
A: no striking features
a: no special abilities


You were on level 2 of the Dungeon.
You were not hungry.

You visited 1 branch of the dungeon, and saw 3 of its levels.

You collected 140 gold pieces.

Inventory:

Hand Weapons
 f - a +0 dagger (weapon)
   (You took it off a kobold on level 1 of the Dungeon)
Missiles
 c - 98 stones (quivered)
Armour
 a - a +0 robe (worn)
Jewellery
 k - an uncursed amulet of faith {unknown}
   (You found it on level 1 of the Dungeon)
Scrolls
 h - 2 scrolls of enchant armour {unknown}
 i - a scroll of identify {unknown}
Potions
 g - 2 potions of haste {unknown}
 j - a potion of curing {unknown}
Books
 b - a book of Flames
Comestibles
 e - a ration


   Skills:
 - Level 2.4 Dodging
 - Level 2.4 Stealth
 + Level 3.9 Spellcasting
 * Level 3.2 Conjurations
 + Level 3.8 Fire Magic


You couldn't memorise any spells.
You knew the following spells:

 Your Spells              Type           Power        Failure   Level  Hunger
a - Flame Tongue          Conj/Fire      ###..        2%          1    None
b - Throw Flame           Conj/Fire      ###...       4%          2    #......
c - Conjure Flame         Conj/Fire      ###.....     9%          3    ###....
d - Sticky Flame          Conj/Fire      ###.....     26%         4    ####...


Dungeon Overview and Level Annotations

Branches:
Dungeon (3/15)

Altars:
Ashenzari
Nemelex Xobeh
Okawaru
Vehumet

Annotations:
D:3 ZomBoFoB's ghost, amateur OgGl


Message History

Aim: an orc wizard, wielding a dagger of protection and wearing a robe The puff of flame hits the orc wizard.
The orc wizard gestures at you while chanting.
The magic dart hits you!
An orc wizard comes into view. It is wielding a dagger.
Aim: an orc wizard, wielding a dagger of protection and wearing a robe (moderately wounded)
The puff of flame misses the orc wizard.
The orc wizard shouts!
The orc wizard casts a spell at you. You resist with some effort.
Aim: an orc wizard, wielding a dagger of protection and wearing a robe (moderately wounded)
The puff of flame hits the orc wizard.
The orc wizard gestures wildly while chanting.
The orc wizard flickers and vanishes!
Deactivating autopickup; reactivate with Ctrl-A.
Aim: an orc wizard, wielding a dagger of protection and wearing a robe (severely wounded)
The puff of flame misses the orc wizard.
The orc wizard mumbles some strange words.
The orc wizard seems to speed up.
Aim: an orc wizard, wielding a dagger of protection and wearing a robe (severely wounded, fast)
The puff of flame hits the orc wizard.
The orc wizard appears unharmed.
The orc wizard casts a spell at you. The puff of flame hits you!
The orc wizard hits you with a dagger of protection.
You climb upwards.
There is a stone staircase leading down here.
Aim: an orc wizard, wielding a dagger of protection and wearing a robe (severely wounded, fast)
The flame tongue misses the orc wizard.
The orc wizard hits you with a dagger of protection.
* * * LOW HITPOINT WARNING * * *
The orc wizard hits you but does no damage.
The orc wizard hits you with a dagger of protection.
* * * LOW HITPOINT WARNING * * *
Aim: an orc wizard, wielding a dagger of protection and wearing a robe (severely wounded, fast)
The flame tongue hits the orc wizard.
The orc wizard appears unharmed.
The orc wizard closely misses you.
The orc wizard hits you but does no damage.
The orc wizard closely misses you.
Aim: an orc wizard, wielding a dagger of protection and wearing a robe (severely wounded, fast)
The flame tongue hits the orc wizard.
The orc wizard hits you with a dagger of protection.
* * * LOW HITPOINT WARNING * * *
The orc wizard casts a spell at you. The puff of frost hits you!
* * * LOW HITPOINT WARNING * * *
The orc wizard casts a cantrip, but nothing happens.
The orc wizard miscasts a cantrip.
The orc wizard casts a spell at you. The puff of frost hits you!
You die...

#...P...................###
#..........................
###.....................##.
#........................
##..[.....#..............
##.........##...#....#..
####.......>........###
#...##.......#...###
#..@..............##
##..###.>.##..#...#. ##o#
##............ #.#
##.##..#..... #.#
#..###.....). #.# #.##
#.#..... #.####.# #.......
#...##.# ###..... ###.#>.#
###.....


You could see an orc wizard.

Vanquished Creatures
  An adder (D:2)
  A howler monkey skeleton (D:2)
  An adder skeleton (D:2)
  2 leopard geckos (D:1)
  2 orcs (D:3)
  A bat skeleton (D:2)
  2 bat zombies (D:2)
  A giant cockroach (D:2)
  8 hobgoblins
  2 jackals (D:1)
  3 kobolds
  A quokka (D:2)
  8 bats
  A frilled lizard (D:1)
  6 goblins
  A jackal skeleton (D:2)
  6 rats
47 creatures vanquished.

Notes
Turn   | Place    | Note
-------+----------+-------------------------------------------
     0 | D:1      | Ignatius881 the Deep Elf Fire Elementalist began the quest for the Orb.
     0 | D:1      | Reached XP level 1. HP: 10/10 MP: 6/6
   237 | D:1      | Reached XP level 2. HP: 15/15 MP: 6/8
   259 | D:1      | Learned a level 2 spell: Throw Flame
   971 | D:1      | Reached XP level 3. HP: 19/19 MP: 7/10
  1036 | D:1      | Learned a level 3 spell: Conjure Flame
  1480 | D:2      | Found a sparkling altar of Nemelex Xobeh.
  1742 | D:2      | Found a radiant altar of Vehumet.
  1744 | D:2      | Found an iron altar of Okawaru.
  1747 | D:2      | Found a shattered altar of Ashenzari.
  1930 | D:3      | Noticed ZomBoFoB's ghost (amateur OgGl)
  1975 | D:3      | Reached XP level 4. HP: 24/24 MP: 5/11
  2164 | D:2      | Learned a level 4 spell: Sticky Flame
  2182 | D:2      | HP: 1/24 [orc wizard/puff of frost (4)]
  2187 | D:2      | Killed from afar by an orc wizard

Skill      XL: |  1  2  3 |
---------------+----------+-----
Conjurations   | 2 3 |  3.2
Dodging        | |  2.4
Stealth        | |  2.4
Spellcasting   | |  3.9
Fire Magic     | |  3.8

Action                   |  1- 3 |  4- 6 || total
-------------------------+-------+-------++-------
Throw: Stone             |    12 |       ||    12
 Cast: Flame Tongue      |    29 |     5 ||    34
       Throw Flame       |    38 |    13 ||    51
  Eat: Chunk             |     2 |       ||     2
       Ration            |     1 |       ||     1
Dodge: Dodged            |     7 |     3 ||    10
